 Dungeon Crawl Stone Soup version 0.30-a0-250-g41c1d76940 (webtiles) character file.

Game seed: 3079805258422152461

203 sankara the Chopper (level 5, -4/40 (44) HPs)
             Began as a Hill Orc Reaver on Oct 12, 2022.
             Was an Initiate of Kikubaaqudgha.
             Slain by an iguana (12 damage)
             ... on level 5 of the Dungeon.
             The game lasted 00:17:47 (3921 turns).

sankara the Chopper (Hill Orc Reaver)               Turns: 3921, Time: 00:17:48

HP:   -4/40 (44)    AC: -7    Str: 15    XL:     5   Next: 81%
MP:   7/7           EV: 11    Int: 13    God:    Kikubaaqudgha [......]
Gold: 222           SH:  0    Dex: 11    Spells: 4/7 levels left

rFire   . . .      SeeInvis .    a - +0 hand axe (venom)
rCold   + . .      Faith    .    (no shield)
rNeg    . . .      Spirit   .    p - +1 leather armour {rC+}
rPois   .          Reflect  .    (no helmet)
rElec   .          Harm     .    (no cloak)
rCorr   .          Rampage  .    (no gloves)
Will    .....                    (no boots)
Stlth   +.........               (no amulet)
HPRegen 0.26/turn                (no ring)
MPRegen 0.10/turn                (no ring)

@: corroded, drained
A: no striking features
a: Renounce Religion


You were on level 5 of the Dungeon.
You worshipped Kikubaaqudgha.
Kikubaaqudgha was noncommittal.
You visited 2 branches of the dungeon, and saw 6 of its levels.

You collected 222 gold pieces.

Inventory:

Hand Weapons
 a - a +0 hand axe of venom (weapon)
   (You found it on level 3 of the Dungeon)
 x - a +2 dagger of venom
   (You found it on level 3 of the Dungeon)
 L - a +0 sling
   (You found it on level 4 of the Dungeon)
Missiles
 d - 5 javelins (quivered)
 e - 42 stones
 u - a throwing net {=f, !d}
Armour
 m - a +0 ring mail
   (You found it on level 2 of the Dungeon)
 p - a +1 leather armour of cold resistance (worn)
   (You found it on level 2 of the Dungeon)
 t - a +0 chain mail
   (You found it on level 2 of the Dungeon)
 w - a +0 pair of boots
   (You found it on level 3 of the Dungeon)
 y - a +0 leather armour
   (You found it on level 3 of the Dungeon)
 z - a +0 leather armour
   (You took it off an orc on level 3 of the Dungeon)
 F - a +0 leather armour
   (You found it on level 3 of the Dungeon)
 G - a +0 chain mail
   (You found it on level 4 of the Dungeon)
 I - a +0 chain mail
   (You found it on level 4 of the Dungeon)
 J - a +0 chain mail
   (You found it on level 4 of the Dungeon)
 M - a +0 leather armour
   (You found it on level 4 of the Dungeon)
 N - a +0 cloak
   (You took it off Crazy Yiuf on level 4 of the Dungeon)
Scrolls
 f - a scroll of poison {unknown}
 h - 3 scrolls of identify {unknown}
 j - 3 scrolls of amnesia {unknown}
 l - a scroll of vulnerability {unknown}
 q - 2 scrolls of torment {unknown}
 s - 2 scrolls of fear {unknown}
 B - 2 scrolls of blinking {unknown}
 C - a scroll of immolation {unknown}
 H - a scroll of noise {unknown}
 K - a scroll of enchant weapon {unknown}
Potions
 b - a potion of attraction {!q}
 c - a potion of magic {unknown}
 g - a potion of lignification {!q}
 i - a potion of flight {unknown}
 n - a potion of degeneration {unknown}
 o - a potion of heal wounds
 r - a potion of mutation {unknown}
 v - a potion of ambrosia {unknown}
 A - a potion of haste
 D - a potion of curing {unknown}
 E - a potion of berserk rage {unknown}


   Skills:
 + Level 2.9 Fighting
 * Level 6.5 Axes
 + Level 1.1 Armour
 + Level 1.9 Dodging
 - Level 1.5 Spellcasting
 + Level 3.2 Conjurations
 + Level 2.0 Necromancy
 + Level 0.7 Translocations


You had 4 spell levels left.
You knew the following spells:

 Your Spells              Type           Power      Damage    Failure   Level
a - Kiss of Death         Conj/Necr      28%        2d7       11%         1
b - Momentum Strike       Conj/Tloc      12%        3d8       22%         2

Your spell library contained the following spells:

 Spells                   Type           Power      Damage    Failure   Level
 Dazzling Flash           Conj/Hex       10%        N/A       45%         3
 Hailstorm                Conj/Ice       5%         3d4       45%         3
 Gell's Gravitas          Tloc           2%         N/A       58%         3
 Lesser Beckoning         Tloc           4%         N/A       58%         3
 Teleport Other           Tloc           2%         N/A       58%         3
 Iskenderun's Mystic Bla  Conj/Tloc      6%         2d4       82%         4
 Starburst                Conj/Fire      2%         6d3       100%        6


Dungeon Overview and Level Annotations

Branches:
Dungeon (5/15)             Temple (1/1) D:4

Altars:
Ashenzari
Dithmenos
Elyvilon
Fedhas
Gozag
Hepliaklqana
Kikubaaqudgha
Makhleb
Nemelex Xobeh
Ru
Sif Muna
Vehumet
Wu Jian
Zin
The Shining One

Portals:
Sewer: D:5

Annotations:
D:4 1 runed translucent door, JustInkie's ghost, novice MeCj


Message History

HP restored.
O - a +0 hammer You drop a +0 hammer.
Done exploring.
Done exploring.
Done exploring.
There is an open translucent door here.
Things that are here:
a +2 quarterstaff of chaos; the gnoll corpse of Crazy Yiuf
There is a shaft here.
The adder hisses angrily.
You hear a loud, deep croak!
You hear an angry hiss.
JustInkie's ghost turns its malevolent gaze towards you.
Press: ? - help, v - describe, . - travel, g - get item
Here: JustInkie's ghost (fire blocked by a runed translucent door) Item here: 5 large rocks.
A collapsed entrance.
(D) Dungeon (T) Temple
Where to? (Enter - D:4 @ (x,y), ? - help)
There is a stone staircase leading down here.
You climb downwards.
You hear the sound of rushing water.
There is an entrance to a sewer on this level.
Hurry and find it before the portal rusts away!
There is a stone staircase leading up here.
As you read the scroll labelled EMAPHI MAPOA, it crumbles to dust.
You feel strangely unstable.
It was a scroll of teleportation.
You hear a distant slurping noise.
You climb upwards.
Level annotation: 1 runed translucent door, JustInkie's ghost, novice MeCj Your surroundings suddenly seem different.
Done exploring.
There is a stone staircase leading down here.
You climb downwards.
You hear the sound of rushing water.
There is an entrance to a sewer on this level.
Hurry and find it before the portal rusts away!
Found a glowing drain.
Found a stone staircase leading up.
There is a stone staircase leading up here.
No reachable target in view!
You open the door. You barely miss the giant cockroach.
You closely miss the giant cockroach. You barely miss the giant cockroach.
The giant cockroach misses you.
A jelly comes into view.
The giant cockroach completely misses you.
You closely miss the giant cockroach.
The jelly quivers.
Your punch misses the giant cockroach. You hit the giant cockroach.
The giant cockroach closely misses you.
The giant cockroach waves its antennae.
The giant cockroach bites you but does no damage.
The giant cockroach closely misses you.
You hit the giant cockroach but do no damage.
The giant cockroach is almost dead.
You hit the giant cockroach.
The giant cockroach bites you but does no damage.
The giant cockroach barely misses you.
You slash the giant cockroach!
You kill the giant cockroach!
Kikubaaqudgha accepts your kill.
You barely miss the giant cockroach. You hit the giant cockroach.
The giant cockroach is poisoned.
The giant cockroach is severely wounded.
You kill the giant cockroach!
Kikubaaqudgha accepts your kill. The giant cockroach bites you.
You closely miss the giant cockroach. The giant cockroach barely misses you.
You barely miss the giant cockroach. The giant cockroach barely misses you.
You hit the giant cockroach but do no damage.
The giant cockroach is poisoned.
The giant cockroach bites you.
You closely miss the giant cockroach.
The giant cockroach is almost dead.
You kill the giant cockroach!
Kikubaaqudgha accepts your kill.
An iguana comes into view.
The iguana hisses angrily.
The jelly closely misses you.
You see here a giant cockroach corpse.
You hit the jelly.
Your hands burn!
The jelly is lightly wounded.
The jelly hits you. The acid corrodes you!
You are splashed with acid!
You are too injured to fight recklessly!
You are too injured to fight recklessly!
You are too injured to fight recklessly!
You hit the jelly.
The jelly is poisoned.
The acid corrodes you!
Your hands burn!
The jelly is heavily wounded.
The jelly closely misses you.
You hit the jelly but do no damage. The acid corrodes you!
Your hands burn!
The jelly is heavily wounded.
The jelly barely misses you.
You hit the jelly but do no damage.
Your hands burn!
The jelly is heavily wounded.
The jelly hits you.
You are splashed with acid!
* * * LOW HITPOINT WARNING * * *
You slash the jelly!
Your hands burn!
* * * LOW HITPOINT WARNING * * *
The jelly is almost dead.
The jelly barely misses you. The iguana attacks as you move away!
The iguana bites you!
You die...
Kikubaaqudgha rasps: "You have failed me!
Welcome... death!"

........#
..#####.#
#.#~~~#.#####
#.#~~~#.....#
#.#~∩~#..<..# .
#.#~~~#.....#
...+.#~~~#...<.#
.....##†##.....#
#...J@......#
.......l.......#
...............#
.......#+#######
....... .......
....... .......


You could see an iguana and a jelly (very poisoned).

Vanquished Creatures
  Crazy Yiuf (D:4)
  Terence (D:2)
  3 adders
  3 gnolls (D:4)
  3 dart slugs
  2 orcs
  7 bats
  7 endoplasms
  8 giant cockroaches
  9 goblins
  9 hobgoblins
  6 jackals
  5 quokkas
  6 ball pythons
  3 frilled lizards
  9 kobolds
  6 rats
88 creatures vanquished.

Vanquished Creatures (others)
  An iguana (D:4)
  A gnoll (D:4)
  An adder (D:2)
  An orc (D:2)
  A goblin (D:3)
  A hobgoblin (D:3)
6 creatures vanquished.

Grand Total: 94 creatures vanquished

Notes
Turn   | Place    | Note
-------+----------+-------------------------------------------
     0 | D:1      | sankara the Hill Orc Reaver began the quest for the Orb.
     0 | D:1      | Reached XP level 1. HP: 18/18 MP: 3/3
   147 | D:1      | Reached XP level 2. HP: 25/25 MP: 4/4
   182 | D:1      | HP: 4/17 [dart slug/slug dart (2)]
   186 | D:1      | Reached skill level 1 in Necromancy
   392 | D:1      | Reached skill level 5 in Axes
   482 | D:1      | Reached XP level 3. HP: 18/24 MP: 5/5
   831 | D:2      | Noticed Terence
   837 | D:2      | Killed Terence
   838 | D:2      | Reached XP level 4. HP: 25/30 MP: 4/6
   945 | D:2      | Learned a level 2 spell: Momentum Strike
  1306 | D:2      | Found a faded altar of an unknown god.
  1425 | D:2      | Reached skill level 6 in Axes
  1648 | D:3      | Reached skill level 2 in Necromancy
  1950 | D:3      | Reached XP level 5. HP: 22/40 MP: 7/7
  2138 | D:3      | Found an opulent altar of Gozag.
  2487 | D:4      | Found a radiant altar of Vehumet.
  2564 | D:4      | Found a sparkling altar of Nemelex Xobeh.
  2684 | D:4      | Reached skill level 1 in Armour
  2790 | D:4      | Found a staircase to the Ecumenical Temple.
  2802 | Temple   | Entered the Ecumenical Temple
  2861 | Temple   | Became a worshipper of Kikubaaqudgha
  3064 | D:4      | Found a runed translucent door.
  3064 | D:4      | Noticed JustInkie's ghost (novice MeCj)
  3273 | D:4      | Found a broken altar of Ashenzari.
  3275 | D:4      | Found a sacrificial altar of Ru.
  3361 | D:4      | Found a runed translucent door.
  3362 | D:4      | Noticed Crazy Yiuf
  3604 | D:4      | HP: 6/36 [Crazy Yiuf/+2 quarterstaff of chaos (7)]
  3606 | D:4      | Killed Crazy Yiuf
  3609 | D:4      | HP: 3/60 [poisoned by Crazy Yiuf]
  3873 | D:5      | Entered Level 5 of the Dungeon
  3897 | D:5      | Found a glowing drain.
  3918 | D:5      | HP: 10/40 [acid (9)]
  3921 | D:5      | Slain by an iguana

Illustrated notes

Levels and vault maps discovered:
D:1:      wander_arrival_lonely_grave, layout_basic, minmay_pentomino_p4
D:2:      layout_rooms, shapermc_ecumenical_altar_mp_highgroup,
          minmay_misc_feat_tower, minmay_unequal, uniq_terence
D:3:      layout_rooms, amcnicky_altar_gilded
D:4:      layout_loops_ring, fiery_altar_vehumet, marbit_many_paths,
          nicolae_overflow_hidden_temple, temple_hall, ebering_ghost_sewer_d,
          uniq_crazy_yiuf_cottage
D:5:      layout_gridville, gup_sewer_entry_glass
Temple:   cyrus_temple_forest

Skill      XL: |  1  2  3  4  5 |
---------------+----------------+-----
Necromancy     | 1 2 |  2.0
Axes           | 5 6 |  6.5
Armour         | 1 |  1.1
Fighting       | |  2.9
Dodging        | |  1.9
Spellcasting   | |  1.5
Conjurations   | |  3.2
Translocations | |  0.7

Action                   |  1- 3 |  4- 6 || total
-------------------------+-------+-------++-------
Melee: Hand axe          |   106 |   207 ||   313
       Punch             |       |     6 ||     6
Throw: Javelin           |       |     3 ||     3
 Cast: Kiss of Death     |     3 |     1 ||     4
       Momentum Strike   |       |    12 ||    12
  Use: Potion            |       |     4 ||     4
       Scroll            |       |     1 ||     1
 Stab: Sleeping          |     1 |       ||     1
Armor: Leather armour    |    32 |    51 ||    83
Dodge: Dodged            |    84 |   154 ||   238

Table legend: (Time is in decaauts)
 A = Elapsed time spent in this place.
 B = Non-inter-level travel time spent in this place.
 C = Inter-level travel time spent in this place.
 D = Time resting spent in this place.
 E = Time spent auto-exploring this place.
 F = Levels seen in this place.
 G = Mean time per level.
                   A        B        C        D        E       F      G
               +--------+--------+--------+--------+--------+-----+--------+
         Total |   3912 |   3684 |    228 |    309 |   2679 |   6 |  652.0 |
       Dungeon |   3819 |   3623 |    196 |    309 |   2633 |   5 |  763.8 |
        Temple |     92 |     60 |     32 |      0 |     46 |   1 |   92.0 |
               +--------+--------+--------+--------+--------+-----+--------+

Top non-repeatable levels by time:
     D:4: 1296 daAuts
     D:2: 924 daAuts
     D:1: 896 daAuts
     D:3: 676 daAuts
  Temple: 92 daAuts
     D:5: 26 daAuts

Table legend:
 A = Kills in this place as a percentage of kills in entire the game.
 B = Kills by you in this place as a percentage of kills by you in the entire game.
 C = Kills by friends in this place as a percentage of kills by friends in the entire game.
 D = Other kills in this place as a percentage of other kills in the entire game.
 E = Experience gained in this place as a percentage of experience gained in the entire game.
 F = Experience gained in this place divided by the number of levels of this place that you have seen.
                   A       B       C       D       E      F
               +-------+-------+-------+-------+-------+----------------------
         Total | 100.0 | 100.0 |   N/A |   N/A | 100.0 |  48.3
       Dungeon | 100.0 | 100.0 |   N/A |   N/A | 100.0 |  58.0
               +-------+-------+-------+-------+-------+----------------------
